Map: Kairos Junction LE

Players

Elrigo

  • Race: Protoss Protoss
  • League: Gold
  • Spawn Location: 5:00

ZaZen - Winner!

  • Race: Terran Terran
  • League: Silver
  • Spawn Location: 11:00

VOD

Have the link to the VOD?

Description

Time

  • Played on: May 18, 2019, 9:29 p.m.
  • Length: 14:34
Show
View Real Time Build Order
Export as new Build Order

Elrigo Protoss 

Build Orders:  

Get SALT Encoding   

  12  0:55  Pylon  
  12  0:57  Probe  
  13  1:05  Probe  
  13  1:09  Nexus  
  14  1:16  Probe, Pylon  
  15  1:27  Assimilator  
  15  1:28  Probe  
  15  1:32  Assimilator  
  16  1:40  Probe  
  16  1:41  Assimilator  
  16  1:45  Assimilator  
  17  1:52  Gateway  
  17  2:00  Probe  
  18  2:12  Probe  
  19  2:16  Forge  
  19  2:24  Probe, Pylon  
  19  2:28  Probe  
  21  2:36  Probe  
  22  2:44  Probe  
  23  2:56  Cybernetics Core  
  23  3:08  Photon Cannon  
  23  3:11  Photon Cannon  
  23  3:15  Photon Cannon  
  23  3:18  Photon Cannon  
  23  3:29  Photon Cannon  
  23  3:40  Shield Battery  
  23  3:47  Shield Battery  
  23  3:57  Probe  
  23  3:59  Stargate  
  23  4:02  Probe  
  25  4:05  Probe  
  26  4:13  Probe  
  26  4:14  Probe  
  28  4:24  Probe  
  28  4:26  Probe  
  30  4:36  Probe  
  30  4:38  Probe  
  32  4:44  Void Ray  
  36  4:50  Probe  
  37  4:53  Stargate  
  37  4:57  Photon Cannon  
  37  5:01  Pylon  
  37  5:02  Probe, Pylon  
  37  5:05  Pylon  
  38  5:13  Pylon  
  38  5:14  Probe  
  38  5:20  Pylon  
  39  5:22  Pylon  
  39  5:26  Pylon  
  39  5:30  Pylon  
  39  5:39  Protoss Air Weapons Level 1  
  39  5:41  Probe  
  40  5:49  Probe  
  41  5:53  Probe  
  42  6:01  Probe  
  43  6:05  Probe  
  44  6:13  Probe  
  44  6:18  Probe  
  46  6:19  Void Ray  
  46  6:23  Protoss Shields Level 1  
  50  6:25  Probe  
  50  6:29  Void Ray  
  50  6:30  Probe  
  56  6:48  Probe  
  57  6:55  Probe  
  57  7:00  Probe  
  59  7:07  Probe  
  60  7:12  Probe  
  61  7:19  Nexus, Probe  
  61  7:22  Assimilator  
  62  7:24  Assimilator, Probe  
  62  7:26  Pylon  
  63  7:30  Pylon  
  63  7:31  Probe  
  63  7:32  Pylon  
  63  7:35  Pylon  
  63  7:36  Probe  
  65  7:38  Pylon  
  65  7:41  Void Ray  
  65  7:43  Probe  
  70  7:45  Void Ray  
  70  7:48  Probe, Protoss Air Armor Level 1  
  75  7:55  Probe  
  76  8:11  Fleet Beacon  
  73  8:15  Twilight Council  
  56  8:27  Void Ray x2  
  60  8:41  Pylon  
  60  8:45  Pylon  
  59  8:58  Twilight Council  
  59  9:03  Void Ray x2  
  52  9:37  Void Ray  
  56  10:00  Protoss Air Weapons Level 2  
  53  10:23  Pylon  
  49  10:56  Forge  
  49  11:03  Nexus  
  49  11:07  Pylon  
  49  11:25  Nexus  
  49  11:32  Void Ray x2  
  57  11:59  Probe, Protoss Shields Level 2  
  58  12:04  Probe  
  59  12:11  Probe  
  60  12:16  Probe  
  61  12:23  Probe  
  61  12:28  Probe  
  59  12:33  Void Ray  
  59  12:34  Probe  
  59  12:35  Probe  
  64  12:40  Probe  
  64  12:42  Probe  
  66  12:47  Probe  
  68  12:51  Probe  
  68  12:53  Probe  
  70  13:03  Probe  
  70  13:05  Probe  
  72  13:13  Void Ray  
  72  13:16  Probe  
  72  13:17  Probe  
  78  13:27  Probe  
  78  13:28  Probe x2  
  81  13:36  Probe  
  81  13:39  Probe  
  81  13:40  Probe  
  84  13:45  Probe  
  84  13:46  Void Ray  
  89  13:51  Probe, Shield Battery  
  89  13:52  Probe  
  89  13:53  Shield Battery  
  91  13:56  Shield Battery  
  91  13:57  Probe  
  91  13:58  Shield Battery  
  84  14:03  Probe  
  84  14:04  Probe  
  84  14:09  Probe  
  83  14:16  Probe  
Show
View Real Time Build Order
Export as new Build Order

ZaZen Terran - Winner!

Build Orders:  

Get SALT Encoding   

  12  0:01  SCV  
  13  0:15  Supply Depot  
  13  0:19  SCV  
  14  0:32  Refinery  
  14  0:33  SCV  
  15  0:41  Barracks  
  15  0:45  SCV  
  16  0:57  SCV  
  17  1:09  SCV  
  18  1:28  Orbital Command, Barracks Reactor  
  18  1:53  Factory  
  18  2:05  Supply Depot  
  18  2:10  Marine x2  
  20  2:19  SCV  
  21  2:26  Refinery  
  21  2:35  Marine x2  
  23  2:43  Command Center  
  23  2:51  Factory Tech Lab  
  23  2:53  Refinery  
  23  3:00  Marine x2  
  23  3:03  Supply Depot  
  25  3:06  SCV  
  26  3:16  Starport  
  26  3:30  Cyclone  
  29  3:36  Marine x2  
  30  3:42  SCV  
  31  3:52  Starport Tech Lab  
  31  3:57  Marine x2  
  33  4:03  Orbital Command  
  33  4:12  Siege Tank  
  36  4:22  SCV  
  37  4:26  Raven  
  39  4:34  Marine  
  39  4:35  Marine  
  39  4:38  SCV x2  
  43  4:50  SCV  
  44  4:55  Siege Tank  
  47  5:07  SCV x2  
  49  5:17  Command Center  
  49  5:40  SCV x2, Engineering Bay  
  49  5:42  Engineering Bay  
  51  5:46  Supply Depot  
  51  5:47  Supply Depot  
  51  5:49  Siege Tank  
  54  5:58  Refinery  
  54  6:08  SCV x2, Supply Depot  
  56  6:15  Supply Depot  
  56  6:20  SCV x2  
  56  6:22  Medivac x2  
  56  6:24  Siege Tank  
  65  6:30  Stimpack  
  65  6:34  SCV x2  
  67  6:40  Orbital Command  
  67  6:54  SCV  
  67  6:55  SCV  
  69  7:07  SCV x2  
  71  7:17  Orbital Command  
  71  7:19  SCV  
  72  7:24  Viking x2  
  72  7:26  Cyclone  
  72  7:27  Marine  
  80  7:33  Barracks  
  80  7:34  Terran Infantry Weapons Level 1  
  80  7:36  Barracks  
  80  7:43  SCV x3  
  83  7:51  Terran Infantry Armor Level 1  
  83  7:54  Viking  
  83  7:55  SCV x2  
  83  7:58  Cyclone  
  82  8:39  Barracks Reactor x2  
  82  8:40  Hellion  
  84  9:02  Hellion  
  86  9:04  Marine  
  87  9:18  SCV x3  
  87  9:21  Marine x4  
  87  9:22  Marine  
  87  9:23  Siege Tank  
  98  9:28  Viking  
  98  9:30  SCV  
  101  9:57  Viking, Marine  
  101  9:58  Viking  
  101  9:59  Siege Tank  
  89  10:08  Marine x4  
  77  10:14  Marine  
  77  10:17  SCV x3  
  77  10:21  Starport x3  
  81  10:26  Marine x2  
  81  10:27  Viking  
  85  10:31  Siege Tank  
  76  11:04  Starport Reactor x2  
  76  11:07  Starport Reactor  
  76  11:09  Command Center  
  67  11:26  Viking x2, Command Center  
  67  11:27  Marine x5  
  76  11:45  Marine x3  
  76  11:46  Viking x2  
  76  11:47  Viking x4, Marine  
  82  11:48  Marine  
  90  11:56  Viking  
  90  11:57  Command Center  
  92  12:02  Marine  
  92  12:03  SCV x3, Marine x2  
  92  12:05  Marine x2  
  100  12:15  SCV  
  101  12:19  Viking x2, Supply Depot  
  101  12:20  Marine  
  101  12:21  Marine x2  
  108  12:24  Viking  
  105  12:33  Viking x2  
  105  12:35  Marine  
  110  12:39  SCV x2  
  112  12:47  Armory  
  112  12:51  Planetary Fortress  
  112  12:58  Planetary Fortress  
  112  13:01  SCV x3  
  115  13:06  Viking  
  110  13:13  SCV x2  
  112  13:27  Refinery  
  112  13:38  SCV, Refinery x2  
  112  13:39  SCV x4  
  112  13:40  Viking  
  112  13:41  Viking x5  
  123  13:42  Marine x4  
  123  13:43  Marine  
  134  13:50  Refinery  
  134  14:00  Marine x3  
Tags
 
Add a new tag
Caveats
  • Supply blocks, unpowered buildings, or Contaminate may cause inaccurate times.
  • Supply counts are checked every 10 seconds.